 Dungeon Crawl Stone Soup version 0.29.0-4-gdea44cf6ec (webtiles) character file.

Game seed: 14440287427055453377

369 Thjof the Chiller (level 6, 47/47 HPs)
             Began as a Merfolk Ice Elementalist on Aug 27, 2022.
             Was an Initiate of Cheibriados.
             Quit the game on level 4 of the Dungeon.
             The game lasted 00:36:11 (2381 turns).

Thjof the Chiller (Merfolk Ice Elementalist)        Turns: 2381, Time: 00:36:12

Health: 47/47      AC:  9    Str:  8    XL:     6   Next: 70%
Magic:  6/11       EV: 15    Int: 16    God:    Cheibriados [......]
Gold:   128        SH:  0    Dex: 20    Spells: 5/12 levels left

rFire   . . .      SeeInvis .   a - +0 dagger (speed)
rCold   . . .      Faith    .   (no shield)
rNeg    . . .      Spirit   .   w - +2 robe {Will+}
rPois   .          Reflect  .   (no helmet)
rElec   .          Harm     .   (no cloak)
rCorr   .          Rampage  .   s - +0 pair of gloves
Will    ++...                   (no boots)
Stlth   ++........              (no amulet)
HPRegen 0.15/turn               n - +4 ring of protection
MPRegen 0.12/turn               g - +4 ring of slaying

@: very slow
A: (nimble swimmer 2), mertail, claws 1, agile 1, strong-willed 1, subdued magic
1
a: Renounce Religion


You were on level 4 of the Dungeon.
You worshipped Cheibriados.
Cheibriados was noncommittal.
You visited 1 branch of the dungeon, and saw 4 of its levels.

You collected 128 gold pieces.

Inventory:

Hand Weapons
 a - a +0 dagger of speed (weapon)
 b - a +0 sling
Missiles
 m - 5 poisoned darts (quivered)
Armour
 s - a +0 pair of gloves (worn)
 w - a +2 robe of willpower (worn)
Jewellery
 g - a +4 ring of slaying (right hand)
 n - a +4 ring of protection (left hand)
Scrolls
 c - 2 scrolls of identify {unknown}
 d - a scroll of torment {unknown}
 e - a scroll of immolation {unknown}
 h - a scroll of enchant weapon {unknown}
 i - a scroll of vulnerability {unknown}
 j - a scroll of teleportation
 q - 2 scrolls of magic mapping {unknown}
 t - a scroll of fog {unknown}
 x - a scroll of poison {unknown}
Potions
 f - 2 potions of curing
 k - a potion of mutation
 o - 2 potions of heal wounds {unknown}
 p - a potion of ambrosia
 u - a potion of degeneration {unknown}
 v - a potion of flight {unknown}


   Skills:
 + Level 3.3 Fighting
 + Level 5.0 Dodging
 - Level 2.1 Stealth
 + Level 3.6 Spellcasting
 + Level 5.6 Ice Magic


You had 5 spell levels left.
You knew the following spells:

 Your Spells              Type           Power      Damage    Failure   Level
a - Freeze                Ice            64%        1d8       1%          1
b - Frozen Ramparts       Ice            32%        1d5       3%          3
c - Ozocubu's Armour      Ice            16%        N/A       3%          3

Your spell library contained the following spells:

 Spells                   Type           Power      Damage    Failure   Level
 Hailstorm                Conj/Ice       9%         3d4       45%         4


Dungeon Overview and Level Annotations

Branches:
Dungeon (4/15)
 Temple: D:4-7

Altars:
Cheibriados

Shops:
D:3 :   D:4 ?


Innate Abilities, Weirdness & Mutations

((You are very nimble when in or above water. (Stealth+, EV+, Speed+++)))
Your lower body shifts to a powerful aquatic tail in water.
You have sharp fingernails.
You are agile. (Dex +4, Str/Int -1)
You are strong-willed. (Will+)
Your spells are a little easier to cast, but a little less powerful.


Message History

You now have 128 gold pieces (gained 15).
Your legs become a tail as you enter the water.
A dart slug comes into view.
An endoplasm comes into view.
Found a scroll labelled UHUGOU KAETWAA.
A ball python comes into view.
Found a stone staircase leading down.
The dart slug launches a dart at you. The slug dart misses you.
Casting: Freeze (safe; 1% risk of failure)
Confirm with . or Enter, or press ? or * to list all spells.
Aiming: Freeze (safe; 1% risk of failure)
Press: ? - help, Shift-Dir - straight line, f - dart slug
Aim: a dart slug You freeze the dart slug.
The dart slug is heavily wounded.
The dart slug bites you but does no damage.
Casting: Freeze (safe; 1% risk of failure)
Confirm with . or Enter, or press ? or * to list all spells.
Aiming: Freeze (safe; 1% risk of failure)
Press: ? - help, Shift-Dir - straight line, f/p - dart slug
Aim: a dart slug (heavily wounded)
You freeze the dart slug.
The dart slug is severely wounded.
The dart slug bites you but does no damage.
Casting: Freeze (safe; 1% risk of failure)
Confirm with . or Enter, or press ? or * to list all spells.
Aiming: Freeze (safe; 1% risk of failure)
Press: ? - help, Shift-Dir - straight line, f/p - dart slug
Aim: a dart slug (severely wounded)
You freeze the dart slug!
You kill the dart slug!
Found Cefy's Magic Scroll Shoppe.
Found a stone staircase leading up.
Really attack while wielding your +0 dagger of speed?
This could place you under penance!
The helpless ball python fails to defend itself.
Cheibriados thinks you should slow down.
You feel guilty.
You impale the ball python!!
You kill the ball python!
Cheibriados thoroughly appreciates the change of pace.
Are you sure you want to abandon this character and quit the game? (Confirm with "yes".)

### #### ##<.###
##..###### ##.....##
##........###........
#....................
#..##...................
.......@................
.####...................
###....>........#..#
####............##
...............#
.......#.........
.....∩.###.......
......#....≈≈≈≈≈
..........≈≈≈≈≈


There were no monsters in sight!

Vanquished Creatures
  Grinder (D:3)
  An orc priest (D:3)
  An iguana (D:4)
  An orc wizard (D:3)
  2 adders (D:3)
  An ufetubus (D:4)
  2 worms (D:2)
  3 dart slugs
  2 orcs (D:3)
  7 endoplasms
  5 goblins
  7 hobgoblins
  A quokka (D:1)
  8 ball pythons
  3 bats
  4 frilled lizards
  8 kobolds
  5 rats
62 creatures vanquished.

Notes
Turn   | Place    | Note
-------+----------+-------------------------------------------
     0 | D:1      | Thjof the Merfolk Ice Elementalist began the quest for the
                  | Orb.
     0 | D:1      | Reached XP level 1. HP: 13/13 MP: 3/3
   261 | D:1      | Reached XP level 2. HP: 5/20 MP: 0/5
   499 | D:1      | Reached skill level 1 in Fighting
   533 | D:1      | Found a faded altar of an unknown god.
   791 | D:2      | Reached XP level 3. HP: 26/26 MP: 6/6
   806 | D:2      | Learned a level 3 spell: Ozocubu's Armour
  1827 | D:3      | Reached XP level 4. HP: 30/33 MP: 0/8
  1831 | D:3      | Learned a level 3 spell: Frozen Ramparts
  2013 | D:3      | Reached skill level 5 in Ice Magic
  2013 | D:3      | Reached XP level 5. HP: 21/38 MP: 0/9
  2113 | D:3      | Noticed Grinder
  2121 | D:3      | Gained mutation: You are agile. (Dex +4, Str/Int -1)
                  | [potion of mutation]
  2121 | D:3      | Gained mutation: Your spells are a little easier to cast,
                  | but a little less powerful. [potion of mutation]
  2121 | D:3      | Gained mutation: You are strong-willed. (Will+) [potion of
                  | mutation]
  2121 | D:3      | Gained mutation: You have sharp fingernails. [potion of
                  | mutation]
  2164 | D:3      | Killed Grinder
  2165 | D:3      | Reached XP level 6. HP: 47/47 MP: 5/11
  2189 | D:3      | Found Kaxkay's Book Shoppe.
  2309 | D:4      | Reached skill level 5 in Dodging
  2336 | D:4      | Found a snail-covered altar of Cheibriados.
  2350 | D:4      | Became a worshipper of Cheibriados the Contemplative
  2369 | D:4      | Found Cefy's Magic Scroll Shoppe.
  2381 | D:4      | Quit the game

Illustrated notes

Levels and vault maps discovered:
D:1:      dpeg_arrival_renting, layout_basic, ebering_ecumenical_altar_webs
D:2:      layout_loops_corners, grunt_ministairs_2,
          nicolae_concentric_dashed_squares_mild
D:3:      layout_rooms, serial_shops, shop_statue, roderic_serpentine_path,
          minmay_misc_feat_enclosed, uniq_grinder
D:4:      minmay_general_purpose_star, layout_cave_pods,
          mainiacjoe_overflow_chevrons, serial_shops, shop,
          gammafunk_ghost_necromancy, chequers_jeans, uniq_edmund

Skill      XL: |  1  2  3  4  5  6 |
---------------+-------------------+-----
Dodging        | 3 4 5 |  5.0
Fighting       | 1 2 3 |  3.3
Ice Magic      | 5 |  5.6
Spellcasting   | 3 |  3.6
Stealth        | |  2.1

Action                   |  1- 3 |  4- 6 || total
-------------------------+-------+-------++-------
Melee: Dagger            |    13 |    26 ||    39
       Short sword       |    37 |       ||    37
 Fire: Sling             |     1 |       ||     1
Throw: Dart              |       |    10 ||    10
 Cast: Freeze            |    61 |    20 ||    81
       Ozocubu's Armour  |     3 |     3 ||     6
       Frozen Ramparts   |       |     7 ||     7
  Use: Potion            |     1 |     4 ||     5
       Scroll            |     1 |       ||     1
 Stab: Sleeping          |     8 |     2 ||    10
Armor: Chain mail        |     2 |       ||     2
       Robe              |    12 |    15 ||    27
       Ring mail         |     4 |       ||     4
       Skin              |       |     2 ||     2
Dodge: Dodged            |    44 |    17 ||    61
